 Dungeon Crawl Stone Soup version 0.25-a0-890-g62861fb195 (webtiles) character file.

Game seed: 13432180190015750086, levelgen mode: deterministic

86 Hasart the Insei (level 4, -1/29 HPs)
             Began as an Octopode Transmuter on May 2, 2020.
             Slain by an iguana (4 damage)
             ... on level 3 of the Dungeon.
             The game lasted 00:04:52 (2055 turns).

Hasart the Insei (Octopode Transmuter)              Turns: 2055, Time: 00:04:53

Health: -1/29      AC:  1    Str: 10    XL:     4   Next: 49%
Magic:  6/7        EV: 14    Int: 15    God:
Gold:   91         SH:  0    Dex: 12    Spells: 6/7 levels left

rFire    . . .     SeeInvis .     - Unarmed
rCold    . . .     Gourm    .   (no shield)
rNeg     . . .     Faith    .   (helmet restricted)
rPois    .         Spirit   .   (no amulet)
rElec    .         Reflect  .   b - ring of wizardry
rCorr    .         Harm     .   (no ring)
MR       .....                  (no ring)
Stlth    ++........             (no ring)
HPRegen  0.09/turn              (no ring)
MPRegen  0.10/turn              (no ring)
                                (no ring)
                                (no ring)

@: appendage (expiring)
A: almost no armour, stealthy swim, amphibious, 8 rings, constrict 8, tentacle
spike 3, camouflage 1, gelatinous body 1
a: End Transformation


You were on level 3 of the Dungeon.
You were hungry.
One of your tentacles had a temporary spike.
You visited 1 branch of the dungeon, and saw 3 of its levels.

You collected 91 gold pieces.

Inventory:

Missiles
 a - 36 arrows
 e - 19 poisoned darts (quivered)
 i - 7 javelins
Jewellery
 b - a ring of wizardry (left tentacle)
Wands
 l - a wand of paralysis (9)
Scrolls
 f - a scroll of random uselessness {unknown}
 k - a scroll of enchant weapon {unknown}
 n - a scroll of teleportation {unknown}
Potions
 d - a potion of stabbing {unknown}
 h - a potion of brilliance {unknown}
 j - a potion of experience {unknown}
 m - a potion of lignification {unknown}
Comestibles
 c - 5 rations


   Skills:
 + Level 2.0 Fighting
 + Level 0.8 Throwing
 + Level 2.6 Dodging
 * Level 4.1 Unarmed Combat
 - Level 2.0 Spellcasting
 - Level 2.0 Transmutations
 + Level 0.7 Evocations


You had 6 spell levels left.
You knew the following spells:

 Your Spells              Type           Power        Failure   Level  Hunger
a - Beastly Appendage     Tmut           #.....       4%          1    #......

Your spell library contained the following spells:

 Spells                   Type           Power        Failure   Level  Hunger
 Sticks to Snakes         Tmut           #.......     6%          2    ###....
 Spider Form              Tmut/Pois      #.........   17%         3    ###....
 Ice Form                 Ice/Tmut       #.......     47%         4    #####..
 Blade Hands              Tmut           #.........   69%         5    ######.


Dungeon Overview and Level Annotations

Branches:
Dungeon (3/15)

Altars:


Innate Abilities, Weirdness & Mutations

You cannot wear most types of armour.
You are very stealthy in the water. (Stealth+)
You are amphibious.
You can wear up to eight rings at the same time.
You can use your tentacles to constrict eight enemies at once.
Your skin changes colour to match your surroundings (Stealth+).
Your rubbery body absorbs attacks. (AC +1, EV +1)
One of your tentacles bears a large vicious spike.


Message History

You have reached level 4!
Things that are here:
a +0 club; a +0 dagger; a +0 leather armour
There is a stone staircase leading up, spattered with blood here.
Casting: Beastly Appendage (safe; 4% risk of failure)
Confirm with . or Enter, or press ? or * to list all spells.
One of your tentacles grows a vicious spike.
You are feeling hungry.
The iguana closely misses you.
You completely miss the iguana. Your grab misses the iguana.
Your transformation is almost over.
The iguana bites you!
* * * LOW HITPOINT WARNING * * *
You tentacle-slap the iguana but do no damage.
You grab the iguana. You constrict the iguana. You tentacle-slap the iguana.
You pierce the iguana, but do no damage.
The iguana is moderately wounded.
You constrict the iguana. The iguana bites you.
You die...

### #.###
####.)@#
#....l##
#.....#
.........#
.........#
.........#
.........#
.........#
......(..#


You could see an iguana.

Vanquished Creatures
  A crimson imp (D:3)
  A gnoll (D:1)
  3 leopard geckos
  4 orcs (D:3)
  4 bats
  2 giant cockroaches (D:1)
  5 goblins (D:1)
  5 hobgoblins
  A frilled lizard (D:1)
  4 kobolds
  5 rats
35 creatures vanquished.

Notes
Turn   | Place    | Note
-------+----------+-------------------------------------------
     0 | D:1      | Hasart the Octopode Transmuter began the quest for the Orb.
     0 | D:1      | Reached XP level 1. HP: 13/13 MP: 3/3
   260 | D:1      | Reached XP level 2. HP: 18/18 MP: 5/5
   686 | D:1      | Reached XP level 3. HP: 15/23 MP: 6/6
  1696 | D:2      | Found a faded altar of an unknown god.
  2049 | D:3      | Reached skill level 4 in Unarmed Combat
  2049 | D:3      | Reached XP level 4. HP: 12/29 MP: 7/7
  2055 | D:3      | Slain by an iguana

Levels and vault maps discovered:
D:1:      psy_arrival_spokes, layout_basic
D:2:      layout_basic, chequers_ecumenical_altar_grove
D:3:      layout_basic, minmay_stone_trees_small

Skill      XL: |  1  2  3 |
---------------+----------+-----
Fighting       | 2 |  2.0
Unarmed Combat | 4 |  4.1
Throwing       | |  0.8
Dodging        | |  2.6
Spellcasting   | |  2.0
Transmutations | |  2.0
Evocations     | |  0.7

Action                   |  1- 3 |  4- 6 || total
-------------------------+-------+-------++-------
Melee: Unarmed           |    78 |     3 ||    81
       Constrict         |    22 |     1 ||    23
       Tentacles         |    11 |       ||    11
       Kick              |     2 |     1 ||     3
       Punch             |     2 |       ||     2
 Cast: Beastly Appendage |     1 |     1 ||     2
 Stab: Sleeping          |     5 |       ||     5
  Eat: Chunk             |     3 |       ||     3
Armor: Skin              |     3 |       ||     3
Dodge: Dodged            |    31 |     1 ||    32

Table legend:
 A = Non-vault XP
 B = Vault XP
 C = Vault XP percentage of total XP
 D = Non-vault monster count
 E = Vault monster count
 F = Vault count percentage of total count
                 A         B        C        D         E       F
            +---------+---------+-------+---------+---------+-------
      Total |     123 |       0 |   0.0 |      35 |       0 |   0.0
            +---------+---------+-------+---------+---------+-------
        D:1 |      53 |       0 |   0.0 |      24 |       0 |   0.0
        D:2 |      10 |       0 |   0.0 |       6 |       0 |   0.0
        D:3 |      60 |       0 |   0.0 |       5 |       0 |   0.0
            +---------+---------+-------+---------+---------+-------
